Map: Divergence LE

Players

blue - Winner!

  • Race: Zerg Zerg
  • League: Diamond
  • Spawn Location: 5:00

Felix - Winner!

  • Race: Protoss Protoss
  • Spawn Location: 5:00

Massa

  • Race: Terran Terran
  • League: Platinum
  • Spawn Location: 11:00

qqq

  • Race: Protoss Protoss
  • League: Platinum
  • Spawn Location: 11:00

VOD

Have the link to the VOD?

Description

Time

  • Played on: Sept. 27, 2020, 9:44 a.m.
  • Length: 3:14
Show
View Real Time Build Order
Export as new Build Order

blue Zerg - Winner!

Build Orders: Pool First 

Get SALT Encoding   

  12  0:02  Extractor  
  11  0:21  Spawning Pool  
  11  0:28  Drone  
  11  0:32  Drone  
  12  0:40  Drone  
  13  0:58  Overlord  
  13  1:00  Drone  
  14  1:08  Metabolic Boost  
  15  1:18  Zergling x4  
  15  1:22  Zergling x2  
  17  1:31  Queen  
  19  1:35  Zergling x2  
  20  1:49  Zergling x2  
  21  1:55  Zergling x2  
  22  2:07  Overlord  
  22  2:30  Zergling x4  
  24  2:38  Zergling x2  
  25  2:47  Zergling x6  
  25  2:49  Hatchery  
  27  2:54  Zergling x2  
Show
View Real Time Build Order
Export as new Build Order

Felix Protoss - Winner!

Build Orders: Cannon Rush 

Get SALT Encoding   

  12  0:00  Probe (Chrono Boost)  
  13  0:12  Probe (Chrono Boost)  
  14  0:20  Pylon  
  14  0:23  Probe  
  15  0:41  Forge  
  15  0:44  Probe  
  16  0:53  Pylon  
  16  0:56  Probe  
  17  1:23  Photon Cannon  
  17  1:24  Gateway  
  17  1:27  Photon Cannon  
  17  1:43  Photon Cannon  
  17  1:47  Photon Cannon  
  17  1:50  Pylon  
  17  1:53  Probe  
  18  2:05  Pylon  
  18  2:06  Probe  
  19  2:23  Photon Cannon  
  19  2:29  Probe  
  20  2:39  Photon Cannon  
  20  2:42  Photon Cannon  
  20  2:47  Photon Cannon  
  20  2:56  Photon Cannon  
  20  3:02  Pylon  
Show
View Real Time Build Order
Export as new Build Order

Massa Terran 

Build Orders:  

Get SALT Encoding   

  12  0:00  SCV  
  13  0:12  SCV  
  14  0:17  Supply Depot  
  14  0:24  SCV  
  15  0:39  SCV  
  15  0:40  Barracks  
  16  0:51  SCV  
  17  1:03  SCV  
  18  1:11  Supply Depot  
  18  1:25  Supply Depot  
  18  1:41  Barracks  
  18  1:45  Refinery, Barracks  
  18  1:48  Marine  
  18  1:53  Supply Depot  
  19  1:54  Orbital Command  
  19  2:06  Marine  
  20  2:27  Bunker  
  20  2:38  Marine x3  
  21  2:56  Marine  
Show
View Real Time Build Order
Export as new Build Order

qqq Protoss 

Build Orders:  

Get SALT Encoding   

  12  0:02  Probe  
  13  0:14  Pylon  
  13  0:18  Probe  
  14  0:31  Probe  
  15  0:38  Forge  
  15  1:04  Pylon  
  15  1:06  Pylon  
  15  1:20  Pylon  
  14  1:31  Probe  
  14  1:42  Pylon  
  14  1:43  Probe  
  15  1:55  Probe  
  16  2:07  Probe  
  17  2:20  Probe  
  18  2:23  Photon Cannon  
  18  2:30  Photon Cannon  
  18  2:32  Probe  
  19  2:38  Gateway  
  19  2:41  Assimilator  
  19  2:44  Probe  
  20  2:46  Photon Cannon  
  20  2:53  Photon Cannon  
  20  2:56  Probe  
  20  3:07  Photon Cannon  
Tags
 
Add a new tag
Caveats
  • Supply blocks, unpowered buildings, or Contaminate may cause inaccurate times.
  • Supply counts are checked every 10 seconds.